Map: Terraform LE (Void)

Players

재밌노이거 - Winner!

  • Race: Terran Terran
  • League: Platinum

하드 - Winner!

  • Race: Terran Terran
  • League: Platinum

MoonLjth

  • Race: Protoss Protoss
  • League: Platinum

iQuitBYE

  • Race: Protoss Protoss
  • League: Grandmaster

VOD

Have the link to the VOD?

Description

Time

  • Played on: Oct. 2, 2015, 8:25 p.m.
  • Length: 14:36
Show
View Real Time Build Order
Export as new Build Order

재밌노이거 Terran - Winner!

Build Orders: Reaper Expand, MMM Bio 

Get SALT Encoding   

  12  0:02  SCV  
  13  0:14  SCV  
  13  0:18  Supply Depot  
  14  0:26  SCV  
  15  0:39  SCV  
  15  0:41  Barracks  
  16  0:46  Refinery  
  16  0:58  SCV  
  17  1:10  SCV  
  18  1:22  SCV  
  19  1:31  Reaper  
  20  1:32  Command Center  
  20  1:41  Orbital Command  
  20  2:03  Barracks Tech Lab  
  20  2:10  SCV, Barracks  
  20  2:11  Barracks  
  21  2:23  SCV  
  21  2:24  Factory  
  22  2:35  SCV  
  23  2:38  Supply Depot  
  22  2:44  Marauder  
  22  2:47  SCV  
  25  2:52  Orbital Command  
  25  2:59  SCV  
  25  3:00  Barracks Reactor  
  25  3:01  Marine  
  27  3:09  Widow Mine  
  27  3:11  SCV  
  30  3:16  Refinery  
  30  3:18  SCV  
  31  3:21  Marine  
  31  3:23  SCV  
  31  3:24  Marauder  
  35  3:30  SCV  
  36  3:35  SCV, Engineering Bay  
  36  3:40  Supply Depot  
  37  3:42  SCV  
  37  3:45  Starport  
  37  3:47  Widow Mine  
  40  3:52  SCV  
  40  3:54  SCV  
  42  3:56  Marine x2  
  42  3:58  Marine  
  42  4:02  Marauder  
  47  4:04  SCV  
  47  4:07  Supply Depot  
  48  4:12  Supply Depot  
  48  4:13  SCV  
  48  4:16  SCV  
  50  4:17  Refinery  
  50  4:18  Marine  
  50  4:22  Medivac  
  53  4:27  SCV  
  53  4:28  Widow Mine  
  53  4:30  SCV  
  57  4:35  Supply Depot  
  57  4:39  SCV  
  57  4:41  Marine x2  
  57  4:42  SCV  
  57  4:45  Barracks Reactor  
  61  4:51  SCV, Refinery  
  62  4:52  Medivac  
  62  4:57  Widow Mine  
  66  5:01  SCV  
  66  5:03  SCV  
  66  5:04  Marine x3  
  71  5:11  Stimpack  
  71  5:13  SCV  
  72  5:15  Supply Depot  
  72  5:16  SCV  
  73  5:23  Terran Infantry Weapons Level 1  
  73  5:25  Supply Depot x2, SCV  
  73  5:28  SCV, Bunker  
  75  5:31  Missile Turret  
  75  5:35  Supply Depot  
  75  5:37  SCV  
  75  5:39  Medivac  
  75  5:40  SCV, Marine  
  80  5:44  Marauder  
  80  5:45  Marine  
  80  5:48  Marine  
  80  5:49  SCV, Marine  
  86  5:55  Missile Turret  
  86  5:57  SCV  
  81  5:58  Marine  
  81  6:03  Supply Depot  
  77  6:04  Supply Depot  
  77  6:06  SCV  
  77  6:09  SCV  
  75  6:18  Command Center  
  70  6:19  Marine  
  70  6:20  Marine  
  70  6:21  Marine  
  70  6:23  Marine  
  70  6:24  Marine  
  75  6:40  Barracks  
  75  6:42  Marauder  
  75  6:43  Marine, Barracks, Starport Reactor  
  75  6:44  Marine x3  
  81  6:55  SCV x2  
  81  7:00  Supply Depot  
  83  7:04  Engineering Bay, Marauder  
  83  7:05  Armory  
  85  7:09  Marine x2  
  85  7:10  Marine x2  
  89  7:17  Terran Infantry Armor Level 1  
  89  7:20  Medivac  
  89  7:21  Viking  
  93  7:24  Marine  
  93  7:27  SCV, Marine x2  
  93  7:28  SCV  
  98  7:32  Orbital Command  
  98  7:33  Barracks Tech Lab  
  98  7:35  Barracks Tech Lab  
  98  7:36  Marine  
  99  7:39  SCV  
  99  7:43  Marauder  
  102  7:50  Medivac  
  102  7:51  Viking  
  103  7:58  Marine x4  
  95  7:59  Marauder x2  
  95  8:00  SCV x2  
  96  8:13  Marine  
  96  8:15  Combat Shields, Concussive Shells  
  96  8:16  Marine  
  96  8:19  Missile Turret  
  98  8:20  Medivac  
  98  8:22  Viking, Missile Turret  
  98  8:23  Missile Turret  
  102  8:28  Orbital Command  
  102  8:30  Terran Infantry Weapons Level 2  
  102  8:32  SCV x2, Marine  
  102  8:33  Marine  
  106  8:40  Bunker  
  106  8:43  Marine x3  
  106  8:44  Marauder  
  106  8:47  Marine  
  112  8:50  Marine  
  113  8:59  Marine  
  113  9:00  Marine  
  113  9:02  Marauder  
  117  9:07  Marine x2  
  119  9:11  Marauder  
  119  9:13  Medivac  
  120  9:17  Viking  
  120  9:18  Command Center  
  120  9:23  Starport, Marine x2  
  124  9:28  Marauder, Marine x2  
  128  9:31  Marine  
  128  9:32  Marine  
  128  9:34  Widow Mine  
  132  9:43  Medivac  
  132  9:44  Marine  
  132  9:45  Marine x2  
  136  9:47  Viking  
  136  9:52  Barracks  
  139  9:55  Barracks  
  139  9:59  Barracks  
  139  10:02  Widow Mine  
  139  10:03  Terran Infantry Armor Level 2  
  139  10:04  SCV  
  139  10:05  SCV, Marine x3  
  139  10:06  Marauder, Marine  
  149  10:08  Starport Reactor  
  149  10:26  Marauder  
  149  10:27  Marine  
  149  10:28  Viking, Medivac  
  149  10:29  Marine x3  
  149  10:30  Marauder x2  
  149  10:31  Widow Mine  
  155  10:45  Marine  
  155  10:47  Marauder, Marine  
  155  10:48  Barracks Reactor, Sensor Tower  
  155  10:49  Barracks Tech Lab  
  159  10:50  Barracks Reactor  
  159  10:51  Marauder, Marine x2  
  163  10:58  Barracks  
  163  11:02  Medivac x2, Viking, Widow Mine  
  171  11:04  Supply Depot  
  171  11:05  Planetary Fortress, Supply Depot  
  171  11:07  Marine  
  172  11:12  Viking, Marine x3  
  172  11:13  Marauder x3  
  180  11:21  Marine  
  180  11:24  Marine  
  176  11:26  Marine  
  176  11:27  Marine  
  176  11:28  SCV x2  
  176  11:30  Marine  
  177  11:34  Marauder x3  
  177  11:36  Marine x2  
  160  11:40  Marauder  
  160  11:42  Marine  
  160  11:44  Marine x2  
  159  11:48  Marine  
  159  11:53  Marine  
  159  11:54  Marine  
  161  11:55  Marauder x3  
  161  11:56  Viking, Medivac x2  
  161  12:00  Marine x2  
  175  12:02  Marine x2  
  175  12:05  Marine  
  177  12:22  Marauder, Marine x4  
  174  12:23  Marine, Marauder  
  174  12:25  Medivac  
  174  12:26  Medivac  
  177  12:34  Marine x2  
  177  12:35  Ghost Academy, Marauder  
  163  12:47  Marine x2  
  163  12:50  Marauder  
  147  12:53  Medivac  
  147  12:55  Medivac  
  147  12:56  Marine  
  147  12:57  Marine x2  
  144  12:59  Marine x2  
  144  13:00  Command Center  
  144  13:03  Marauder  
  144  13:06  Marine x2  
  144  13:08  Marauder  
  136  13:13  Marine  
  136  13:14  Marine  
  136  13:15  Medivac  
  136  13:16  Marine x2  
  136  13:18  Marauder  
  139  13:32  Marine x3  
  139  13:33  Refinery, Ghost, Marauder  
  146  13:34  Refinery  
  146  13:41  Marine x2  
  146  13:42  Marauder  
  146  13:44  Marine x2  
  152  13:50  Marine x3  
  152  13:54  Marauder  
  152  13:55  Refinery  
  157  13:59  Refinery, Marine x2  
  151  14:03  Marauder x2  
  151  14:04  Marauder  
  152  14:11  Marine x4  
  154  14:17  Marine  
  154  14:18  Marine  
Show
View Real Time Build Order
Export as new Build Order

하드 Terran - Winner!

Build Orders:  

Get SALT Encoding   

  12  0:02  Probe (Chrono Boost)  
  13  0:13  Pylon  
  13  0:18  Probe (Chrono Boost)  
  14  0:29  Probe (Chrono Boost)  
  14  0:35  Gateway  
  15  0:39  Probe (Chrono Boost)  
  16  0:43  Assimilator  
  17  0:50  Probe (Chrono Boost)  
  17  1:03  Probe (Chrono Boost)  
  18  1:14  Probe (Chrono Boost)  
  19  1:23  Nexus  
  19  1:32  Cybernetics Core  
  19  1:35  Probe (Chrono Boost)  
  20  1:41  Pylon  
  20  1:47  Assimilator  
  20  1:50  Probe (Chrono Boost)  
  21  2:00  Probe (Chrono Boost)  
  22  2:11  Mothership Core (Chrono Boost)  
  24  2:17  Warp Gate  
  24  2:29  Probe (Chrono Boost)  
  25  2:40  Probe (Chrono Boost)  
  25  2:41  Stalker  
  28  2:47  Probe (Chrono Boost), Twilight Council  
  28  2:50  Probe (Chrono Boost)  
  30  2:57  Probe (Chrono Boost)  
  31  3:01  Probe (Chrono Boost)  
  32  3:08  Probe (Chrono Boost)  
  32  3:11  Stalker  
  34  3:12  Probe (Chrono Boost)  
  34  3:18  Probe (Chrono Boost)  
  37  3:21  Blink  
  37  3:23  Assimilator  
  38  3:27  Probe (Chrono Boost)  
  38  3:29  Probe (Chrono Boost)  
  39  3:38  Probe (Chrono Boost)  
  39  3:39  Robotics Facility  
  40  3:44  Probe (Chrono Boost), Pylon  
  42  3:48  Probe (Chrono Boost)  
  42  3:54  Probe (Chrono Boost)  
  43  3:59  Probe (Chrono Boost)  
  44  4:05  Probe (Chrono Boost)  
  44  4:07  Pylon  
  44  4:09  Probe (Chrono Boost)  
  46  4:15  Probe (Chrono Boost)  
  47  4:21  Probe (Chrono Boost)  
  47  4:23  Nexus  
  48  4:24  Pylon  
  48  4:26  Stalker, Probe (Chrono Boost), Observer  
  52  4:34  Pylon  
  52  4:38  Assimilator  
  52  4:45  Robotics Bay  
  52  4:47  Gateway  
  52  4:51  Gateway  
  52  4:52  Stalker  
  54  4:55  Probe (Chrono Boost)  
  54  4:57  Pylon  
  54  4:59  Observer  
  55  5:00  Probe (Chrono Boost)  
  58  5:14  Probe (Chrono Boost)  
  58  5:15  Probe (Chrono Boost)  
  58  5:19  Stalker  
  61  5:25  Gateway  
  61  5:26  Observer  
  61  5:27  Gateway  
  61  5:30  Pylon  
  61  5:31  Probe (Chrono Boost)  
  61  5:32  Probe (Chrono Boost)  
  64  5:40  Colossus  
  64  5:42  Probe (Chrono Boost)  
  67  5:43  Probe (Chrono Boost)  
  67  5:44  Probe (Chrono Boost)  
  73  5:51  Stalker x3  
  73  5:57  Probe (Chrono Boost)  
  76  6:04  Probe (Chrono Boost)  
  74  6:11  Extended Thermal Lance  
  71  6:16  Probe (Chrono Boost)  
  71  6:17  Probe (Chrono Boost)  
  73  6:25  Probe (Chrono Boost)  
  74  6:33  Forge  
  74  6:36  Probe (Chrono Boost)  
  74  6:37  Stalker  
  74  6:38  Stalker  
  74  6:39  Forge  
  79  6:40  Probe (Chrono Boost)  
  79  6:42  Probe (Chrono Boost)  
  81  6:52  Probe (Chrono Boost), Colossus  
  82  6:56  Protoss Ground Weapons Level 1  
  82  6:59  Stalker x2  
  92  7:02  Stalker  
  92  7:06  Probe (Chrono Boost)  
  95  7:14  Stalker x2  
  99  7:17  Protoss Ground Armor Level 1  
  99  7:22  Resonating Glaives, Pylon, Probe x2 (Chrono Boost)  
  101  7:36  Pylon  
  101  7:39  Pylon  
  101  7:40  Probe (Chrono Boost), Assimilator  
  101  7:42  Probe x2 (Chrono Boost)  
  104  7:51  Stalker x4  
  101  7:59  Colossus  
  101  8:01  Probe (Chrono Boost)  
  101  8:02  Probe (Chrono Boost)  
  101  8:04  Probe (Chrono Boost)  
  110  8:10  Assimilator  
  112  8:13  Probe (Chrono Boost)  
  112  8:14  Probe (Chrono Boost)  
  112  8:18  Pylon  
  112  8:22  Gateway  
  112  8:24  Templar Archives  
  112  8:25  Gateway  
  112  8:32  Pylon  
  112  8:36  Stalker x2  
  117  8:42  Probe (Chrono Boost)  
  117  8:46  Probe (Chrono Boost)  
  117  8:47  Probe (Chrono Boost)  
  119  8:55  Adept x3  
  121  8:58  Protoss Ground Weapons Level 2  
  125  9:04  Immortal  
  125  9:07  Adept x2  
  133  9:12  Pylon  
  134  9:24  High Templar x2  
  134  9:25  Probe (Chrono Boost), High Templar  
  134  9:26  Archon  
  134  9:30  Probe (Chrono Boost), Pylon  
  134  9:31  High Templar  
  143  9:32  Pylon  
  143  9:34  Archon  
  143  9:38  Warp Prism  
  143  9:41  High Templar  
  143  9:43  High Templar  
  149  9:45  Archon  
  149  9:50  Probe x2 (Chrono Boost)  
  151  9:53  Photon Cannon  
  151  9:57  Photon Cannon  
  151  9:58  Adept x4  
  159  10:05  Probe (Chrono Boost)  
  161  10:08  Probe (Chrono Boost)  
  155  10:20  Stalker x2  
  155  10:21  Stalker x3  
  163  10:25  Psionic Storm  
  165  10:31  Probe (Chrono Boost)  
  165  10:33  Protoss Ground Armor Level 2  
  164  10:42  Gateway  
  164  10:45  Pylon  
  164  10:47  Gateway  
  164  10:48  Pylon  
  164  10:50  Pylon x2  
  164  10:53  Pylon x2  
  164  11:03  Immortal  
  164  11:04  High Templar x2  
  170  11:08  Probe (Chrono Boost)  
  170  11:10  Adept  
  170  11:11  Adept x4  
  178  11:28  Probe (Chrono Boost)  
  163  11:33  Gateway x2, Adept x4  
  163  11:34  Adept  
  147  11:43  High Templar x2  
  133  12:00  Zealot x4  
  133  12:04  Charge  
  133  12:06  Zealot  
  127  12:11  Nexus  
  127  12:13  Assimilator  
  127  12:14  Zealot x2  
  127  12:16  Pylon  
  127  12:17  Pylon, Assimilator  
  119  12:24  Adept x2  
  119  12:25  Adept x3  
  121  12:32  Adept x4  
  121  12:36  Adept x2  
  101  12:46  Adept  
  101  12:47  Adept x4  
  97  12:53  Adept x3  
  97  12:56  Mothership Core (Chrono Boost)  
  99  13:01  Adept x2  
  100  13:09  Adept  
  100  13:10  Adept x4  
  100  13:14  Stalker x2  
  104  13:24  Robotics Facility  
  104  13:27  Stalker  
  104  13:28  Stalker  
  104  13:29  Observer  
  107  13:35  Photon Cannon  
  107  13:40  Photon Cannon  
  107  13:55  Adept x6  
  114  13:56  Adept  
  114  14:05  Zealot x2  
  108  14:11  Observer  
  108  14:16  Zealot  
  93  14:17  Zealot x4  
  93  14:23  Zealot  
  93  14:30  Zealot x2  
Show
View Real Time Build Order
Export as new Build Order

MoonLjth Protoss 

Build Orders:  

Get SALT Encoding   

Show
View Real Time Build Order
Export as new Build Order

iQuitBYE Protoss 

Build Orders:  

Get SALT Encoding   

Tags
 
Add a new tag
Caveats
  • Supply blocks, unpowered buildings, or Contaminate may cause inaccurate times.
  • Supply counts are checked every 10 seconds.